 Dungeon Crawl Stone Soup version 0.29.0-11-gd7f09526c8 (webtiles) character file.

Game seed: 17276987440332270108

5511 Rennog the Basher (level 11, -13/101 HPs)
             Began as a Meteoran Fighter on Sept 2, 2022.
             Was the Champion of Jiyva.
             Mangled by a tentacled starspawn (14 damage)
             ... on level 2 of the Abyss.
             The game lasted 00:40:42 (5761 turns).

Rennog the Basher (Meteoran Fighter)                Turns: 5761, Time: 00:40:44

Health: -13/101    AC: 19    Str: 19    XL:     11   Next: 20%
Magic:  12/12      EV: 12    Int: 12    God:    Jiyva [******]
Gold:   200        SH:  7    Dex: 27    Spells: 10/10 levels left

rFire   . . .      SeeInvis +   m - +12 dagger "Bomuitz" {venom, Fly rC- Int+4 SInv}
rCold   + + .      Faith    .   c - +0 buckler
rNeg    . . .      Spirit   .   v - +0 plate armour
rPois   .          Reflect  .   (no helmet)
rElec   .          Harm     .   (no cloak)
rCorr   +          Rampage  .   (no gloves)
rMut    +                       (no boots)
Will    +....                   (no amulet)
Stlth   ..........              l - +6 ring of dexterity
HPRegen 1.86/turn               y - +4 ring of protection
MPRegen 0.63/turn

@: flying, glowing
A: sense surroundings 2, otherworldly, glowing, explore regen, agile 1, cold
resistance 3, mutation resistance 3, wild magic 3, gelatinous body 2
a: Renounce Religion, Oozemancy, Slimify


You were on level 2 of the Abyss.
You worshipped Jiyva.
Jiyva was exalted by your worship.
You visited 1 branch of the dungeon, and saw 10 of its levels.
You visited the Abyss 1 time.
You also visited: Sewer.

You collected 310 gold pieces.
You spent 110 gold pieces at shops.

Inventory:

Hand Weapons
 a - a +0 flail
 m - the +12 dagger "Bomuitz" (weapon) {venom, Fly rC- Int+4 SInv}
   (You took it off an orc wizard on level 5 of the Dungeon)

   It poisons the flesh of those it strikes.
   Int:       It affects your intelligence (+4).
   rC:        It makes you vulnerable to cold.
   SInv:      It lets you see invisible.
   Fly:       It grants you flight.
Armour
 c - a +0 buckler (worn)
 v - a +0 plate armour (worn)
Jewellery
 e - a ring of protection from fire
 j - a ring of wizardry
 l - a +6 ring of dexterity (left hand)
 y - a +4 ring of protection (right hand)
Wands
 x - a wand of iceblast (11)
 A - a wand of charming (7)
Scrolls
 f - 5 scrolls of enchant armour
 i - a scroll of torment
 n - 2 scrolls of amnesia {unknown}
 q - 5 scrolls of teleportation
 r - a scroll of magic mapping {unknown}
 s - a scroll of fear {unknown}
 t - a scroll of summoning {unknown}
 w - a scroll of poison {unknown}
 z - a scroll of blinking {unknown}
 B - a scroll of vulnerability {unknown}
Potions
 b - 2 potions of flight
 d - 3 potions of might
 g - a potion of resistance {unknown}
 k - 2 potions of curing
 o - 2 potions of invisibility
 p - 2 potions of ambrosia {unknown}
 u - a potion of cancellation {unknown}


   Skills:
 * Level 10.5 Fighting
 * Level 11.9 Maces & Flails
 + Level 8.5 Armour
 + Level 7.4 Dodging
 - Level 3.9 Shields


You had 10 spell levels left.
You didn't know any spells.
Your spell library contained the following spells:

 Spells                   Type           Power      Damage    Failure   Level
 Apportation              Tloc           0%         N/A       100%        1
 Sublimation of Blood     Necr           0%         N/A       100%        2
 Wereblood                Tmut           0%         N/A       100%        2
 Ozocubu's Armour         Ice            0%         N/A       100%        3
 Alistair's Intoxication  Tmut/Pois      0%         N/A       100%        5
 Metabolic Englaciation   Hex/Ice        0%         N/A       100%        5
 Simulacrum               Ice/Necr       0%         N/A       100%        6
 Summon Hydra             Summ           0%         N/A       100%        7


Dungeon Overview and Level Annotations

Branches:
Dungeon (10/15) Zot: 488   Temple (0/1) D:6           Sewer (visited)
   Lair: D:8-11         Orc: D:9-12

Altars:
Fedhas
Hepliaklqana
Uskayaw
Wu Jian
Xom
Yredelemnul
Zin
Jiyva

Shops:
D:5 *   D:9 [*

Annotations:
D:3 1 transporter
D:7 2 transporters, SensoryNuts's ghost, novice FoFi
D:10 1 transporter, Psyche


Innate Abilities, Weirdness & Mutations

You passively map the area around you.
You are easily found by Zot.
You glow in the dark.
You regain HP and MP as you explore.
You are agile. (Dex +4, Str/Int -1)
Your flesh is almost immune to the effects of cold. (rC+++)
You are almost entirely resistant to further mutation and mutation removal.
Your spells are much harder to cast, but much more powerful.
Your pliable body absorbs attacks. (AC +2, EV +2)


Message History

The tentacled starspawn tentacle-slaps your rockslime.
Tentacles burst from the starspawn's body! 2 starspawn tentacles come into view.
You hit the wretched star but do no damage.
You hit the wretched star but do no damage.
You puncture the wretched star!
The wretched star is lightly damaged.
The wretched star pulses with an eldritch light!
You hit the wretched star.
The wretched star is lightly damaged.
You puncture the wretched star!
The wretched star is moderately damaged.
You hit the wretched star but do no damage.
The wretched star is moderately damaged.
You hit the tentacled starspawn but do no damage.
The tentacled starspawn is almost destroyed.
You hit the tentacled starspawn.
The tentacled starspawn is almost destroyed.
You block the tentacled starspawn's attack.
The tentacled starspawn tentacle-slaps you.
You hit the tentacled starspawn.
The tentacled starspawn is almost destroyed.
You hit the tentacled starspawn.
The tentacled starspawn is almost destroyed.
The tentacled starspawn bites you!!
You block the tentacled starspawn's attack.
You hit the tentacled starspawn but do no damage.
The tentacled starspawn is almost destroyed.
You barely miss the tentacled starspawn.
The tentacled starspawn is almost destroyed.
The tentacled starspawn bites you!
The tentacled starspawn tentacle-slaps you!
* * * LOW HITPOINT WARNING * * *
You puncture the tentacled starspawn!
The tentacled starspawn is almost destroyed.
The tentacled starspawn bites you!!
* * * LOW HITPOINT WARNING * * *
You shudder from the blow and a jelly pops out!
The tentacled starspawn tentacle-slaps you!
You die...

... #.# #
.## ..#.#.#
##X* #
###.#..
*##│...#
###X#. ##
#.@#...#
#..J.##.#.#
#.#.# .*.
#. ##
#.w.w.# #
.# .... .
.. .#


You could see a tentacled starspawn (ally target) and a friendly acid blob
(summoned).

Vanquished Creatures
  A two-headed ogre (D:10)
  An ugly thing (D:8)
  A rust devil (Abyss:1)
  A yak (D:10)
  A steam dragon (D:9)
  2 vampire mosquitoes (D:9)
  An acid dragon (D:9)
  2 water moccasins
  Pargi (Sewer)
  2 ice beasts
  3 ogres
  2 phantoms (D:5)
  4 kobold brigands
  A gnoll sergeant (D:9)
  2 necrophages
  2 scorpions
  6 wights
  2 howler monkeys
  5 orc priests
  A gnoll bouda (D:6)
  4 iguanas
  12 orc wizards
  10 gnolls
  10 adders
  A river rat (D:6)
  A shadow imp (D:6)
  A white imp (Abyss:1)
  A worm (D:6)
  3 dart slugs (D:3)
  32 orcs
  7 ball pythons
  3 bats (D:1)
  2 giant cockroaches
  6 goblins
  2 hobgoblins
  A jackal (D:5)
  A quokka (D:2)
  3 frilled lizards
  29 kobolds
  3 rats
173 creatures vanquished.

Vanquished Creatures (collateral kills)
  A two-headed ogre (D:10)
  3 yaks (D:10)
4 creatures vanquished.

Vanquished Creatures (others)
  A raiju (Abyss:1)
  Sigmund (D:3)
  A centaur (D:5)
  An ogre (D:6)
  2 bullfrogs (D:7)
  A howler monkey (D:8)
  12 jellies
  2 orc priests
  An orc wizard (D:4)
  A gnoll (D:2)
  A worm (D:2)
  6 orcs
  2 endoplasms
  3 goblins
  4 hobgoblins
  A jackal (D:5)
  4 kobolds
  2 bats
  2 frilled lizards
  7 rats
  6 plants (D:3)
  4 starspawn tentacles (Abyss:2)
65 creatures vanquished.

Grand Total: 242 creatures vanquished

Notes
Turn   | Place    | Note
-------+----------+-------------------------------------------
     0 | D:1      | Rennog the Meteoran Fighter began the quest for the Orb.
     0 | D:1      | Reached XP level 1. HP: 19/19 MP: 2/2
     8 | D:1      | Found a faded altar of an unknown god.
    16 | D:1      | Prayed at the altar of an unknown god.
    16 | D:1      | Became a worshipper of Jiyva Jitixtil the Shapeless
    16 | D:1      | Reached * piety under Jiyva
    86 | D:1      | Reached XP level 2. HP: 26/26 MP: 3/3
   319 | D:1      | Reached ** piety under Jiyva
   489 | D:1      | Glimpsed the power of Zot.
   604 | D:2      | Reached skill level 3 in Maces & Flails
   619 | D:2      | Reached XP level 3. HP: 31/31 MP: 4/4
   733 | D:2      | Reached *** piety under Jiyva
   733 | D:2      | Gained mutation: Your system is resistant to poisons.
                  | (rPois) [Jiyva's grace]
   733 | D:2      | Gained mutation: Your spells are a little harder to cast,
                  | but a little more powerful. [Jiyva's grace]
   733 | D:2      | Gained mutation: Your spells are harder to cast, but more
                  | powerful. [Jiyva's grace]
   733 | D:2      | Gained mutation: Your spells are much harder to cast, but
                  | much more powerful. [Jiyva's grace]
  1069 | D:2      | Reached XP level 4. HP: 36/40 MP: 5/5
  1075 | D:2      | Glimpsed the power of Zot.
  1080 | D:2      | Reached skill level 1 in Dodging
  1123 | D:2      | Glimpsed the power of Zot.
  1236 | D:3      | Reached XP level 5. HP: 46/46 MP: 6/6
  1255 | D:3      | Found a transporter.
  1309 | D:3      | Found a shimmering altar of Xom.
  1389 | D:3      | Reached **** piety under Jiyva
  1443 | D:3      | Killed Sigmund
  1664 | D:3      | Glimpsed the power of Zot.
  1714 | D:3      | Glimpsed the power of Zot.
  1764 | D:4      | Reached skill level 4 in Maces & Flails
  1784 | D:4      | Reached XP level 6. HP: 30/53 MP: 7/7
  1810 | D:4      | Noticed an ogre
  1857 | D:4      | Killed an ogre
  1858 | D:4      | Reached skill level 5 in Maces & Flails
  1862 | D:4      | Reached skill level 5 in Fighting
  1891 | D:4      | Reached XP level 7. HP: 61/61 MP: 8/8
  2088 | D:4      | Lost mutation: Your system is resistant to poisons. (rPois)
                  | [Jiyva's grace]
  2088 | D:4      | Gained mutation: Your rubbery body absorbs attacks. (AC +1,
                  | EV +1) [Jiyva's grace]
  2088 | D:4      | Gained mutation: Your pliable body absorbs attacks. (AC +2,
                  | EV +2) [Jiyva's grace]
  2088 | D:4      | Gained mutation: Your gelatinous body deflects attacks. (AC
                  | +3, EV +3) [Jiyva's grace]
  2088 | D:4      | Gained mutation: You are agile. (Dex +4, Str/Int -1)
                  | [Jiyva's grace]
  2100 | D:4      | Reached ***** piety under Jiyva
  2188 | D:4      | Reached skill level 5 in Armour
  2246 | D:4      | Glimpsed the power of Zot.
  2296 | D:4      | Glimpsed the power of Zot.
  2307 | D:5      | Entered Level 5 of the Dungeon
  2344 | D:5      | Reached skill level 6 in Maces & Flails
  2353 | D:5      | Found Juest's Assorted Antiques.
  2387 | D:5      | Reached XP level 8. HP: 70/70 MP: 9/9
  2536 | D:5      | Identified the +12 dagger "Bomuitz" {venom, Fly rC- Int+4
                  | SInv}
  2664 | D:5      | Reached skill level 7 in Maces & Flails
  2837 | D:5      | Glimpsed the power of Zot.
  2887 | D:5      | Glimpsed the power of Zot.
  2924 | D:6      | Gained mutation: You passively map the area around you.
                  | [Meteoran growth]
  2924 | D:6      | Reached XP level 9. HP: 79/79 MP: 10/10
  3028 | D:6      | Reached skill level 8 in Maces & Flails
  3052 | D:6      | Found a staircase to the Ecumenical Temple.
  3078 | D:6      | Found a glowing drain.
  3131 | Sewer    | Entered a sewer
  3164 | Sewer    | Noticed Pargi
  3174 | Sewer    | Killed Pargi
  3392 | D:6      | Gained mutation: You have a small jelly attached to you
                  | that senses nearby items. [Jiyva's grace]
  3392 | D:6      | Gained mutation: You are somewhat resistant to further
                  | mutation. [Jiyva's grace]
  3392 | D:6      | Gained mutation: You are somewhat resistant to both further
                  | mutation and mutation removal. [Jiyva's grace]
  3392 | D:6      | Gained mutation: You are almost entirely resistant to
                  | further mutation and mutation removal. [Jiyva's grace]
  3549 | D:6      | Glimpsed the power of Zot.
  3557 | D:6      | Reached ****** piety under Jiyva
  3599 | D:6      | Glimpsed the power of Zot.
  3635 | D:7      | Found a transporter.
  3645 | D:7      | Reached skill level 5 in Dodging
  3668 | D:7      | Noticed SensoryNuts's ghost (novice FoFi)
  3683 | D:7      | Found a transporter.
  3944 | D:7      | Reached skill level 9 in Maces & Flails
  4140 | D:7      | Found a hazy altar of Hepliaklqana.
  4141 | D:7      | Found a hide-covered altar of Uskayaw.
  4144 | D:7      | Found an ornate altar of the Wu Jian Council.
  4149 | D:7      | Glimpsed the power of Zot.
  4199 | D:7      | Glimpsed the power of Zot.
  4283 | D:8      | Noticed a cyan ugly thing
  4303 | D:8      | Killed a cyan ugly thing
  4304 | D:8      | Reached XP level 10. HP: 41/90 MP: 11/11
  4480 | D:8      | Found a blossoming altar of Fedhas.
  4497 | D:8      | Found a glowing silver altar of Zin.
  4746 | D:8      | Glimpsed the power of Zot.
  4751 | D:8      | Lost mutation: Your spells are much harder to cast, but
                  | much more powerful. [Jiyva's grace]
  4751 | D:8      | Lost mutation: Your gelatinous body deflects attacks. (AC
                  | +3, EV +3) [Jiyva's grace]
  4751 | D:8      | Lost mutation: You have a small jelly attached to you that
                  | senses nearby items. [Jiyva's grace]
  4751 | D:8      | Gained mutation: Your spells are much harder to cast, but
                  | much more powerful. [Jiyva's grace]
  4751 | D:8      | Gained mutation: Your flesh is cold resistant. (rC+)
                  | [Jiyva's grace]
  4751 | D:8      | Gained mutation: Your flesh is very cold resistant. (rC++)
                  | [Jiyva's grace]
  4751 | D:8      | Gained mutation: Your flesh is almost immune to the effects
                  | of cold. (rC+++) [Jiyva's grace]
  4796 | D:8      | Glimpsed the power of Zot.
  4864 | D:9      | Reached skill level 10 in Maces & Flails
  4950 | D:9      | Found Jimuesoo's General Store.
  4958 | D:9      | Bought a scroll of identify for 20 gold pieces
  4958 | D:9      | Bought 3 scrolls of teleportation for 90 gold pieces
  5217 | D:9      | Found Mikh's Armour Boutique.
  5344 | D:9      | Glimpsed the power of Zot.
  5375 | D:10     | Entered Level 10 of the Dungeon
  5433 | D:10     | Noticed a two-headed ogre
  5441 | D:10     | Killed a two-headed ogre
  5442 | D:10     | Reached skill level 11 in Maces & Flails
  5453 | D:10     | Reached skill level 10 in Fighting
  5458 | D:10     | Reached XP level 11. HP: 97/99 MP: 12/12
  5464 | D:10     | Noticed a two-headed ogre
  5476 | D:10     | Killed a two-headed ogre
  5482 | D:10     | Found a transporter.
  5507 | D:10     | Found a basalt altar of Yredelemnul.
  5549 | D:10     | Noticed Psyche
  5555 | Abyss:1  | Cast into level 1 of the Abyss (Psyche)
  5584 | Abyss:1  | Noticed a starcursed mass
  5610 | Abyss:1  | Noticed a deep elf elementalist
  5621 | Abyss:1  | Noticed a glowing orange brain
  5621 | Abyss:1  | Noticed a smoke demon
  5652 | Abyss:1  | Noticed a rust devil
  5679 | Abyss:1  | Killed a rust devil
  5686 | Abyss:1  | Noticed a worldbinder
  5689 | Abyss:1  | Noticed a wolf spider
  5689 | Abyss:1  | Noticed a wolf spider
  5689 | Abyss:1  | Noticed a sixfirhy
  5694 | Abyss:1  | Noticed a wretched star
  5700 | Abyss:1  | Noticed a wolf spider
  5700 | Abyss:1  | Noticed a wolf spider
  5725 | Abyss:2  | Noticed a large abomination
  5729 | Abyss:2  | Noticed a tentacled starspawn
  5731 | Abyss:2  | Noticed a wretched star
  5745 | Abyss:2  | Noticed a tentacled starspawn
  5761 | Abyss:2  | HP: 1/101 [tentacled starspawn (30)]
  5761 | Abyss:2  | Mangled by a tentacled starspawn

Illustrated notes

Levels and vault maps discovered:
D:1:      saegor_arrival_simple_a, layout_basic, basic_ecumenical_altar
D:2:      layout_basic
D:3:      layout_basic, lemuel_coloured_pillars_altar,
          gammafunk_ghost_gnarly_gnolls, nicolae_titane, uniq_sigmund
D:4:      cheibrodos_quashed, layout_basic, grunt_ministairs_6
D:5:      layout_gridville, serial_shops, nicolae_stop_n_shop_1,
          minmay_misc_feat_tiny
D:6:      layout_loops_ring, minmay_temple_entry_fiery,
          cheibrodos_sewer_entry_sluice, minmay_misc_feat_cross
D:7:      layout_gridville, chequers_temple_overflow_statue_of_worship,
          gammafunk_ghost_stat_death
D:8:      layout_basic, mainiacjoe_overflow_big_doors
D:9:      layout_loops_ring, serial_shops, shop_fountains, shop,
          minmay_large_rounded_square
D:10:     gammafunk_boulding_lane, layout_irregular_city,
          mainiacjoe_overflow_catwalk, serial_column_ruins,
          column_ruins_corridor_corner, column_ruins_columns_straight,
          column_ruins_grid_4, column_ruins_open_tiny, column_ruins_grid_1,
          uniq_psyche
Abyss:2:  base: D:8, evilmike_abyss_exit_9

Skill      XL: |  1  2  3  4  5  6  7  8  9 10 |
---------------+-------------------------------+-----
Maces & Flails | 3 4 5 6 7 9 11 | 11.9
Armour         | 4 5 6 7 8 |  8.5
Dodging        | 1 2 3 4 5 7 |  7.4
Fighting       | 4 5 7 8 10 | 10.5
Shields        | |  3.9

Action                   |  1- 3 |  4- 6 |  7- 9 | 10-12 || total
-------------------------+-------+-------+-------+-------++-------
Melee: Flail             |    83 |   107 |   140 |       ||   330
       Dagger            |       |       |   116 |   196 ||   312
  Use: Scroll            |       |       |       |     5 ||     5
Armor: Scale mail        |    41 |    45 |    68 |       ||   154
       Plate armour      |       |       |    12 |    98 ||   110
Dodge: Dodged            |    32 |    41 |   126 |    79 ||   278
Block: Buckler           |    33 |    25 |    61 |    53 ||   172
